 Dungeon Crawl Stone Soup version 0.29.1-4-g47bece8355 (webtiles) character file.

Game seed: 731831670138524894

63 GorkyZ the Twirler (level 4, -1/27 HPs)
             Began as a Gargoyle Gladiator on Dec 5, 2022.
             Slain by a goblin
             ... wielding a +0 dagger
             ... led by Robin
              (2 damage)
             ... on level 2 of the Dungeon.
             The game lasted 00:02:18 (1452 turns).

GorkyZ the Twirler (Gargoyle Gladiator)             Turns: 1452, Time: 00:02:19

Health: -1/27      AC:  7    Str: 20    XL:     4   Next: 10%
Magic:  4/4        EV: 12    Int:  8    God:
Gold:   57         SH:  0    Dex: 11    Spells: 3/3 levels left

rFire   . . .      SeeInvis .   a - +0 quarterstaff
rCold   . . .      Faith    .   (shield currently unavailable)
rNeg    + . .      Spirit   .   b - +0 leather armour
rPois   ∞          Reflect  .   c - +0 helmet
rElec   +          Harm     .   (no cloak)
rCorr   .          Rampage  .   (no gloves)
Will    .....                   (no boots)
Stlth   +.........              (no amulet)
HPRegen 0.09/turn               (no ring)
MPRegen 0.09/turn               (no ring)

@: no status effects
A: sickness immunity, AC +3, negative energy resistance 1, electricity
resistance, torment resistance 1, petrification resistance
a: no special abilities


You were on level 2 of the Dungeon.
You visited 1 branch of the dungeon, and saw 2 of its levels.

You collected 57 gold pieces.

Inventory:

Hand Weapons
 a - a +0 quarterstaff (weapon)
Missiles
 d - 3 throwing nets (quivered)
 e - a javelin
Armour
 b - a +0 leather armour (worn)
 c - a +0 helmet (worn)
Jewellery
 k - an amulet of guardian spirit
Scrolls
 f - a scroll of teleportation {unknown}
 g - a scroll of identify {unknown}
 j - a scroll of immolation {unknown}
 l - a scroll of blinking {unknown}
 n - a scroll of enchant armour {unknown}
Potions
 h - 2 potions of curing {unknown}
 i - a potion of lignification {unknown}
 m - a potion of flight {unknown}


   Skills:
 + Level 2.7 Fighting
 + Level 0.7 Axes
 + Level 3.3 Staves
 + Level 2.1 Throwing
 + Level 1.0 Armour
 + Level 2.6 Dodging
 + Level 1.1 Shields
 + Level 0.6 Evocations


You had 3 spell levels left.
You didn't know any spells.
Your spell library was empty.

Dungeon Overview and Level Annotations

Branches:
Dungeon (2/15)

Altars:


Innate Abilities, Weirdness & Mutations

You are immune to sickness and miasma.
Your stone body is resilient. (AC +3)
You are immune to poison.
You resist negative energy. (rN+)
You are resistant to electric shocks. (rElec)
You are resistant to unholy torment.
You are immune to petrification.


Message History

You barely miss Robin.
Robin is severely wounded.
The hobgoblin no longer looks unusually strong.
The goblin no longer looks unusually strong.
The hobgoblin misses you.
The hobgoblin hits you but does no damage.
The goblin hits you but does no damage. The hobgoblin closely misses you.
The goblin hits you but does no damage.
Robin roars a battlecry!
The goblins go into a battle-frenzy!
You barely miss Robin.
Robin is severely wounded.
The goblin no longer looks unusually strong.
The hobgoblin no longer looks unusually strong.
The hobgoblin completely misses you.
The hobgoblin hits you but does no damage. x2
The goblin closely misses you. The goblin hits you but does no damage.
Robin roars a battlecry!
The goblins go into a battle-frenzy!
You sock Robin!
You kill Robin!
The hobgoblin no longer looks unusually strong.
The goblin no longer looks unusually strong.
The goblin hits you but does no damage.
The hobgoblin hits you but does no damage.
The hobgoblin misses you. The goblin hits you with a +0 dagger.
The hobgoblin hits you.
* * * LOW HITPOINT WARNING * * *
Your Armour skill increases to level 1!
You have reached level 4!
You feel stronger.
You hit the goblin.
The goblin is moderately wounded.
The hobgoblin no longer looks unusually strong.
The goblin completely misses you. The hobgoblin hits you.
* * * LOW HITPOINT WARNING * * *
The goblin misses you. The hobgoblin hits you.
* * * LOW HITPOINT WARNING * * *
The hobgoblin closely misses you. The goblin hits you with a +0 dagger.
You die...

...... ...##. .. ...
...#.. ...... #.# #.#
...#. . .#####.##.. #..
.... .. .# #.##.# #.#
...#... .# #.##.# #.#
....... .# #.##.# #.#
g.....#
.#####.##.####.##g.....#
...............g@gg>#
....##.##.####.ggg......
).......................
.#####.##......##...##.#
.# #.##......# ...# # .#
#.##.####.# ..... .#
#.##.# #.# .#.##. .###
#..... ..# .#.#
...########


You could see 4 hobgoblins and 4 goblins.

Vanquished Creatures
  Robin (D:2)
  An adder (D:2)
  A gnoll (D:1)
  A dart slug (D:1)
  3 bats
  4 endoplasms
  7 goblins
  3 hobgoblins
  2 kobolds
  A quokka (D:1)
  3 ball pythons
27 creatures vanquished.

Notes
Turn   | Place    | Note
-------+----------+-------------------------------------------
     0 | D:1      | GorkyZ the Gargoyle Gladiator began the quest for the Orb.
     0 | D:1      | Reached XP level 1. HP: 12/12 MP: 1/1
   225 | D:1      | Reached XP level 2. HP: 18/18 MP: 2/2
   618 | D:1      | Noticed a golden eye
   632 | D:1      | Noticed a great orb of eyes
   809 | D:1      | Reached XP level 3. HP: 19/22 MP: 3/3
   921 | D:1      | Found a faded altar of an unknown god.
   923 | D:1      | Noticed a shining eye
   923 | D:1      | Noticed an eye of devastation
  1341 | D:2      | Reached skill level 1 in Shields
  1437 | D:2      | Noticed Robin
  1451 | D:2      | Killed Robin
  1452 | D:2      | Reached skill level 1 in Armour
  1452 | D:2      | Reached XP level 4. HP: 6/27 MP: 4/4
  1452 | D:2      | HP: 1/27 [hobgoblin[Robin] (3)]
  1452 | D:2      | Slain by a goblin

Illustrated notes

Levels and vault maps discovered:
D:1:      minmay_arrival_solitary_statue, layout_basic,
          hellmonk_ecumenical_altar_watching_god
D:2:      minmay_inner_zag, layout_basic, nrook_campfire, uniq_jessica,
          uniq_natasha, uniq_robin

Skill      XL: |  1  2  3 |
---------------+----------+-----
Throwing       | 2 |  2.1
Shields        | 1 |  1.1
Armour         | 1 |  1.0
Fighting       | |  2.7
Axes           | |  0.7
Staves         | |  3.3
Dodging        | |  2.6
Evocations     | |  0.6

Action                   |  1- 3 |  4- 6 || total
-------------------------+-------+-------++-------
Melee: Quarterstaff      |    86 |     1 ||    87
 Stab: Sleeping          |     1 |       ||     1
Armor: Leather armour    |    62 |       ||    62
Dodge: Dodged            |    68 |     3 ||    71
